Map: Moondance

Players

Kremrirro - Winner!

  • Race: Terran Terran
  • Spawn Location: 6:00

MattBarry

  • Race: Zerg Zerg
  • League: Gold
  • Spawn Location: 12:00

VOD

Have the link to the VOD?

Description

Time

  • Played on: Jan. 21, 2023, 6:22 a.m.
  • Length: 29:38
Show
View Real Time Build Order
Export as new Build Order

Kremrirro Terran - Winner!

Build Orders:  

Get SALT Encoding   

  12  0:01  SCV  
  13  0:13  SCV  
  14  0:18  Supply Depot  
  14  0:25  SCV  
  15  0:39  SCV  
  16  0:43  Refinery  
  16  0:48  Barracks  
  16  0:52  SCV  
  17  1:04  SCV  
  18  1:16  SCV  
  19  1:36  Barracks Reactor  
  19  1:38  Orbital Command  
  19  1:47  Supply Depot  
  19  1:51  Command Center  
  19  2:07  SCV  
  20  2:12  Marine x2  
  21  2:28  SCV  
  22  2:30  Marine x2  
  24  2:40  SCV  
  25  2:45  Refinery  
  25  2:54  Marine x2  
  25  2:55  Factory  
  27  3:09  SCV  
  27  3:12  Barracks  
  28  3:16  Marine x2  
  30  3:21  SCV  
  25  3:58  Marine  
  25  3:59  Marine x2  
  26  4:06  Factory Tech Lab  
  26  4:16  Marine  
  24  4:38  Supply Depot  
  24  4:54  Supply Depot  
  24  4:55  Supply Depot  
  24  4:58  Supply Depot  
  24  5:00  Marine x3  
  26  5:17  Barracks, Marine  
  26  5:19  Barracks  
  26  5:20  Siege Tank  
  30  5:29  Marine x2  
  30  5:35  Marine  
  32  5:47  Marine  
  32  5:48  Marine  
  30  5:53  Marine  
  22  6:05  Marine x2  
  22  6:06  Siege Tank  
  22  6:11  Marine, SCV  
  29  6:23  Marine, SCV  
  31  6:35  SCV  
  32  6:54  SCV  
  33  7:03  Marine x2  
  33  7:06  SCV, Siege Tank  
  40  7:10  Barracks Reactor x2  
  40  7:14  Barracks Tech Lab  
  39  7:18  SCV  
  40  7:30  SCV  
  41  7:49  Command Center  
  41  7:59  SCV  
  42  8:11  SCV  
  42  8:12  Marine x2  
  45  8:23  SCV  
  45  8:25  Marine  
  45  8:27  Supply Depot  
  47  8:40  Starport  
  47  8:47  Supply Depot  
  47  8:48  Supply Depot x2, Marine x2, SCV  
  50  9:00  SCV  
  50  9:01  SCV  
  52  9:07  Marine x5  
  52  9:08  Marine x2  
  59  9:10  Hellion  
  59  9:12  SCV  
  59  9:13  SCV  
  60  9:24  SCV  
  61  9:32  Hellion  
  58  9:53  Hellion  
  60  10:05  Orbital Command  
  60  10:06  SCV  
  61  10:14  Hellion  
  61  10:18  SCV  
  64  10:24  Marine x4  
  64  10:25  Marine  
  69  10:30  SCV  
  70  10:36  Hellion  
  73  10:42  SCV  
  73  10:48  SCV  
  74  10:53  Marine  
  74  10:54  Marine x3, SCV  
  79  10:57  Hellion  
  79  10:59  Starport Reactor  
  81  11:12  Marine  
  81  11:13  Marine x6  
  88  11:30  Marine  
  88  11:31  Engineering Bay  
  89  11:36  Armory  
  89  11:48  Supply Depot, SCV x2  
  89  11:49  Supply Depot x2  
  89  11:51  Marine  
  89  11:52  Marine x2  
  94  12:09  Marine, SCV, Medivac x2  
  94  12:10  Marine x2, SCV, Hellion  
  105  12:22  SCV x2  
  107  12:23  Refinery  
  107  12:25  Refinery  
  107  12:31  Hellion  
  107  12:34  SCV  
  110  12:39  Medivac x2  
  110  12:43  Command Center  
  110  13:10  SCV x2  
  106  13:22  SCV x2  
  105  13:30  Missile Turret  
  105  13:34  SCV x2  
  103  13:53  Thor  
  107  14:12  Missile Turret, SCV x2  
  109  14:24  SCV x2  
  110  14:32  Missile Turret  
  110  14:35  Missile Turret  
  110  14:36  Thor, SCV x2  
  110  14:37  Missile Turret  
  116  14:39  Marine x2  
  116  14:40  Missile Turret  
  118  14:55  Factory  
  118  14:59  Marine  
  118  15:24  Marine x6  
  118  15:25  Marine, Thor  
  102  15:42  Marine x6  
  93  15:45  Missile Turret  
  93  15:47  Missile Turret  
  97  15:50  Missile Turret x2  
  97  15:53  Combat Shield  
  94  15:58  Factory Tech Lab  
  94  16:08  Thor  
  100  16:14  Marine x4  
  104  16:20  SCV x2  
  106  16:32  SCV  
  107  16:52  Marine  
  107  16:53  Marine x6  
  114  16:54  Thor  
  114  16:55  Missile Turret  
  114  16:57  Missile Turret x2, Starport Tech Lab  
  120  17:10  Marine x2  
  120  17:12  Stimpack  
  122  17:31  Missile Turret, SCV x2  
  122  17:35  Marine  
  122  17:36  Marine x5  
  130  18:00  SCV x2  
  132  18:08  SCV  
  133  18:17  Supply Depot  
  133  18:19  Supply Depot  
  133  18:21  Supply Depot  
  133  18:27  Command Center  
  133  18:39  SCV x3  
  136  18:44  Supply Depot  
  136  18:49  Marine x7  
  136  18:51  Thor, SCV x2  
  136  18:54  Medivac  
  153  19:07  Marine x7  
  160  19:12  Refinery  
  160  19:23  Medivac  
  162  19:24  Marine  
  162  19:25  Marine x2  
  165  19:34  Hellbat  
  167  19:55  Hellbat  
  169  20:21  Supply Depot  
  169  20:26  SCV x2  
  169  20:27  SCV  
  172  20:34  Planetary Fortress  
  172  20:41  Marine x5  
  177  20:43  Thor x2  
  177  20:45  Medivac  
  191  20:56  Marine x2  
  193  20:58  Marine x2  
  193  20:59  Marine x3  
  198  21:14  Marine x2  
  200  21:22  Marine x3  
  160  21:53  Missile Turret  
  157  21:54  Missile Turret x2  
  157  21:55  Missile Turret  
  157  21:57  Missile Turret  
  157  22:01  Marine x7  
  157  22:04  Thor x2  
  157  22:05  Medivac  
  178  22:19  Marine x5, SCV x3  
  178  22:21  Marine x2  
  188  22:35  Medivac  
  188  22:37  Marine x5  
  190  22:39  Marine x2  
  197  22:50  Command Center  
  197  22:54  Marine  
  197  22:55  Marine x2  
  150  23:29  Marine x7  
  150  23:31  Thor x2  
  150  23:33  Medivac  
  171  23:47  Marine x7  
  162  24:03  Medivac  
  164  24:14  Thor x2  
  176  24:20  Terran Infantry Weapons Level 1  
  176  24:22  Terran Vehicle Weapons Level 1  
  176  24:25  Barracks  
  176  24:27  Barracks  
  176  24:29  Barracks  
  176  24:31  Barracks  
  176  24:33  Medivac  
  176  24:34  Marine x3  
  176  24:35  Marine x4  
  185  24:57  Thor x2  
  197  25:03  Banshee  
  194  25:24  Marine x4  
  194  25:25  Marine x2  
  198  25:46  Medivac  
  199  25:56  Marine  
  200  26:15  Terran Infantry Armor Level 1  
  200  26:17  Terran Vehicle And Ship Armor Level 1  
  200  27:09  Barracks Reactor x3  
  200  27:13  Barracks Reactor  
  200  27:37  Command Center  
Show
View Real Time Build Order
Export as new Build Order

MattBarry Zerg 

Build Orders: Pool First 

Get SALT Encoding   

  12  0:00  Drone  
  13  0:10  Drone  
  14  0:17  Extractor  
  14  0:18  Drone  
  15  0:31  Spawning Pool  
  15  0:34  Extractor  
  14  0:35  Drone  
  14  0:44  Extractor  
  14  0:45  Drone  
  15  0:53  Overlord  
  15  1:18  Zergling x2  
  15  1:19  Zergling x4  
  15  1:20  Queen  
  20  1:30  Zergling x2  
  21  1:36  Metabolic Boost  
  21  1:41  Zergling x2  
  22  1:52  Overlord  
  22  1:55  Extractor  
  21  2:02  Zergling x2  
  23  2:18  Zergling x2  
  24  2:24  Zergling x2  
  25  2:58  Hatchery  
  24  3:07  Drone x2  
  24  3:08  Drone  
  24  3:12  Extractor  
  26  3:17  Drone  
  27  3:21  Zergling x2, Overlord  
  27  3:25  Baneling Nest  
  27  3:28  Roach Warren, Drone  
  20  4:01  Drone x2  
  20  4:02  Drone x2  
  23  4:27  Zergling x8  
  25  4:33  Roach x4  
  33  4:46  Zergling x4  
  35  4:56  Drone x2  
  35  4:59  Evolution Chamber  
  36  5:00  Drone  
  36  5:01  Drone x2  
  39  5:12  Queen  
  39  5:13  Drone  
  42  5:15  Drone  
  41  5:30  Zergling x6  
  41  5:31  Overlord  
  42  5:51  Zergling x12  
  47  5:59  Zergling x2  
  39  6:13  Lair  
  40  6:18  Drone x4  
  43  6:31  Overlord  
  43  6:45  Queen, Hatchery  
  44  6:50  Roach x2  
  44  6:52  Roach, Zergling x2  
  51  6:57  Zergling x4  
  51  6:59  Drone x4  
  57  7:15  Spore Crawler  
  56  7:18  Spore Crawler  
  56  7:21  Nydus Network  
  54  7:25  Spire  
  50  7:58  Queen  
  52  8:06  Extractor  
  52  8:07  Extractor  
  50  8:22  Overlord x2  
  50  8:36  Mutalisk x4  
  58  8:42  Mutalisk  
  58  8:45  Zergling x28  
  72  9:20  Nydus Canal  
  50  9:34  Zergling x26  
  49  9:46  Mutalisk x2  
  53  9:59  Roach x2  
  61  10:00  Roach x2  
  61  10:01  Drone  
  62  10:12  Nydus Canal  
  62  10:22  Drone x5  
  62  10:23  Drone  
  51  10:43  Mutalisk x2  
  51  10:54  Mutalisk  
  49  11:07  Mutalisk  
  49  11:08  Roach  
  49  11:09  Roach x3  
  57  11:12  Roach  
  57  11:13  Roach  
  61  11:26  Zerg Flyer Weapons Level 1  
  61  11:29  Zergling x8  
  61  11:30  Drone x5  
  70  11:37  Ravager x2  
  72  11:50  Mutalisk  
  74  11:54  Mutalisk  
  74  11:59  Roach x2  
  80  12:09  Mutalisk  
  80  12:13  Overlord  
  80  12:14  Overlord  
  82  12:30  Overlord  
  82  12:33  Overlord x2  
  82  12:35  Roach  
  82  12:36  Mutalisk x2, Roach  
  90  12:46  Mutalisk  
  92  13:17  Mutalisk x4  
  96  13:35  Mutalisk x2  
  96  13:41  Roach x2  
  104  13:50  Mutalisk  
  106  14:01  Mutalisk  
  108  14:12  Mutalisk  
  110  14:19  Extractor  
  105  14:47  Drone x4  
  105  14:48  Drone x4  
  105  14:51  Zergling x10  
  116  15:01  Mutalisk x2  
  82  15:45  Mutalisk x8  
  89  16:02  Infestation Pit  
  74  16:07  Zergling x8  
  74  16:14  Zergling x6  
  77  16:36  Zergling x12  
  77  16:39  Zergling x2  
  84  16:43  Zerg Melee Weapons Level 1  
  84  16:45  Hatchery  
  84  16:46  Hive  
  83  17:00  Zergling x14  
  83  17:01  Zergling x8  
  94  17:31  Mutalisk x8  
  110  18:03  Extractor  
  110  18:05  Extractor  
  108  18:07  Overlord x2  
  108  18:09  Zergling x26  
  108  18:12  Hatchery  
  120  18:16  Greater Spire  
  120  18:23  Evolution Chamber  
  120  18:25  Adrenal Glands  
  119  18:36  Queen  
  119  18:37  Drone x2  
  119  18:38  Drone x3  
  126  18:41  Corruptor x4  
  126  18:47  Corruptor  
  136  18:53  Overlord x3  
  136  19:07  Overlord x2  
  136  19:08  Zergling x4  
  136  19:09  Zerg Melee Weapons Level 2  
  138  19:11  Extractor  
  138  19:14  Extractor  
  136  19:27  Brood Lord x3  
  142  19:33  Brood Lord  
  144  19:49  Queen, Drone x4  
  144  19:50  Drone  
  137  20:05  Brood Lord  
  139  20:08  Corruptor  
  139  20:09  Corruptor  
  139  20:11  Zergling x12  
  149  20:19  Drone x3  
  152  20:46  Brood Lord  
  136  21:22  Zergling x16  
  136  21:23  Zergling x36  
  151  21:38  Zergling x12  
  140  21:49  Zergling x8  
  131  22:02  Baneling x3  
  131  22:03  Baneling x8  
  131  22:04  Baneling  
  131  22:05  Baneling  
  123  22:14  Infestor  
  123  22:15  Infestor  
  127  22:23  Centrifugal Hooks  
  127  22:34  Drone x2  
  127  22:35  Drone x3  
  132  22:45  Zergling x8  
  136  22:53  Brood Lord  
  136  22:57  Infestor  
  81  23:21  Swarm Host  
  81  23:22  Zergling x22  
  81  23:23  Zergling x2  
  79  23:27  Zergling x2  
  79  23:28  Zergling x2  
  79  23:32  Zergling x4  
  75  23:43  Baneling x2  
  75  23:44  Baneling x2  
  75  23:45  Baneling x3  
  75  23:46  Baneling  
  71  23:50  Zergling x4  
  71  23:52  Zergling x2  
  71  23:53  Zergling x2  
  62  23:57  Zergling x2  
  62  24:01  Zergling x6  
  48  24:04  Zergling x2  
  48  24:14  Zergling x6  
  50  24:23  Zergling x4  
  51  24:25  Baneling  
  51  24:26  Baneling  
  50  24:32  Zergling x2  
  50  24:36  Zergling x2  
  46  24:53  Zergling x2  
  46  24:54  Zergling x10  
  46  25:01  Zergling x2  
  46  25:02  Zergling x2  
  38  25:16  Zergling x2  
  38  25:17  Zergling x2  
  16  25:27  Queen  
  18  25:33  Zergling x2  
  19  25:42  Zergling x2  
  20  25:53  Zergling x2  
  15  26:58  Hatchery  
  12  27:33  Hatchery  
  4  28:30  Hatchery  
Tags
 
League
Gold
Matchup
TvZ
Opening
Pool First
Replay Pack
Multiplayer
Spawn Locations
Cross Positions
Add a new tag
Caveats
  • Supply blocks, unpowered buildings, or Contaminate may cause inaccurate times.
  • Supply counts are checked every 10 seconds.